 Dungeon Crawl Stone Soup version 0.28-a0-724-g66f9036eb4 (webtiles) character file.

Game seed: 1608555372017920316

7209 Lekart the Zephyrmancer (level 10, -1/72 HPs)
             Began as a Grey Draconian Air Elementalist on Oct 26, 2021.
             Was a Follower of Vehumet.
             Killed by divine providence
             ... invoked by a meliai
              (12 damage)
             ... on level 9 of the Dungeon.
             The game lasted 00:31:38 (13037 turns).

Lekart the Zephyrmancer (DrAE)                     Turns: 13037, Time: 00:31:39

Health: -1/72      AC: 14    Str: 10    XL:     10   Next: 87%
Magic:  1/20       EV: 12    Int: 20    God:    Vehumet [*.....]
Gold:   742        SH: 12    Dex: 11    Spells: 11/23 levels left

rFire   + . .      SeeInvis .   m - staff of air
rCold   + . .      Faith    .   h - +3 buckler
rNeg    . . .      Spirit   .   (armour unavailable)
rPois   .          Reflect  +   (helmet restricted)
rElec   +          Harm     .   x - scarf {rC+ rF+}
rCorr   .          Rampage  .   f - +0 pair of gloves
Will    +....                   i - +0 pair of boots
Stlth   ++........              c - amulet of reflection
HPRegen 0.22/turn               d - ring of willpower
MPRegen 0.17/turn               j - ring of wizardry

@: about to teleport
A: AC +12, amphibious, unfitting armour, cold-blooded, antennae 1
a: Renounce Religion


You were on level 9 of the Dungeon.
You worshipped Vehumet.
Vehumet was aware of your devotion.
You visited 2 branches of the dungeon, and saw 10 of its levels.

You collected 910 gold pieces.
You spent 168 gold pieces at shops.

Inventory:

Armour
 f - a +0 pair of gloves (worn)
 h - a +3 buckler (worn)
 i - a +0 pair of boots (worn)
 x - a scarf of resistance (worn)
Magical Staves
 m - a staff of air (weapon)
Jewellery
 c - an amulet of reflection (around neck)
 d - a ring of willpower (left hand)
 j - a ring of wizardry (right hand)
 o - a ring of resist corrosion
 q - an amulet of faith
 r - a ring of magical power
 s - an amulet of magic regeneration
Wands
 g - a wand of digging (6)
Scrolls
 b - 2 scrolls of identify
 k - 2 scrolls of enchant weapon
 p - a scroll of fear
 t - 2 scrolls of magic mapping {unknown}
 u - a scroll of fog {unknown}
 v - a scroll of amnesia
 w - a scroll of acquirement {unknown}
Potions
 a - a potion of haste
 l - 2 potions of heal wounds


   Skills:
 + Level 1.4 Fighting
 + Level 2.1 Staves
 + Level 4.0 Dodging
 + Level 3.3 Stealth
 + Level 2.6 Shields
 + Level 0.2 Unarmed Combat
 + Level 7.0 Spellcasting
 + Level 5.2 Conjurations
 + Level 4.0 Ice Magic
 * Level 9.0 Air Magic
 * Level 5.7 Evocations


You had 11 spell levels left.
You knew the following spells:

 Your Spells              Type           Power      Damage    Failure   Level
a - Shock                 Conj/Air       100%       1d9       1%          1
b - Static Discharge      Conj/Air       52%        N/A       1%          2
c - Ozocubu's Armour      Ice            23%        N/A       2%          3
d - Airstrike             Air            29%        N/A       1%          4
e - Poisonous Vapours     Pois/Air       74%        N/A       1%          2

Your spell library contained the following spells:

 Spells                   Type           Power      Damage    Failure   Level
 Swiftness                Air            59%        N/A       1%          3
 Animate Skeleton         Necr           14%        N/A       4%          1
 Apportation              Tloc           14%        N/A       4%          1
 Summon Small Mammal      Summ           28%        N/A       4%          1
 Slow                     Hex            7%         N/A       7%          2
 Confusing Touch          Hex            7%         N/A       13%         3
 Vampiric Draining        Necr           3%         2d6       13%         3
 Metabolic Englaciation   Hex/Ice        7%         N/A       45%         5
 Simulacrum               Ice/Necr       7%         N/A       95%         6


Dungeon Overview and Level Annotations

Branches:
Dungeon (9/15)             Temple (1/1) D:7
   Lair: D:8-11         Orc: D:9-12

Altars:
Ashenzari
Cheibriados
Dithmenos
Elyvilon
Fedhas
Gozag
Hepliaklqana
Kikubaaqudgha
Makhleb
Nemelex Xobeh
Okawaru
Qazlal
Ru
Sif Muna
Trog
Uskayaw
Vehumet
Wu Jian
Xom
Yredelemnul
Zin
The Shining One

Shops:
D:1 :   D:3 *![:(   D:5 ***

Annotations:
D:2 1 runed translucent door, Crazy Yiuf
D:5 exclusion: downstairs
D:8 3 runed translucent doors, 1994's ghost, novice OgTm


Innate Abilities, Weirdness & Mutations

Your dull iron-grey scales are very hard. (AC +12)
You are amphibious.
You cannot fit into any form of body armour.
You are cold-blooded and may be slowed by cold attacks.
You have a pair of small antennae on your head.


Message History

The meliai hits you with a +0 hand axe.
* * * LOW HITPOINT WARNING * * *
The meliai barely misses you.
The meliai calls upon its god to heal the meliai.
The meliai is healed somewhat.
The meliai hits you with a +0 hand axe.
* * * LOW HITPOINT WARNING * * *
The meliai stings you.
* * * LOW HITPOINT WARNING * * *
Casting: Airstrike (dangerous; 1% risk of failure)
Confirm with . or Enter, or press ? or * to list all spells.
Aiming: Airstrike (dangerous; 1% risk of failure)
Press: ? - help, Dir - move target, f/p - meliai
Aim: a meliai, wielding a +0 hand axe and wearing a +0 leather armour (severely wounded, empty space bonus: 1/8)
You feel a surge of power!
The air twists around and strikes the meliai!
You kill the meliai!
Vehumet accepts your kill. You block the meliai's attack. x2
Your Dodging skill increases to level 4!
Your Air Magic skill increases to level 9!
Unknown command.
You feel better. The meliai barely misses you. The meliai stings you.
* * * LOW HITPOINT WARNING * * *
You are lethally poisoned!
The meliai poisons you!
The meliai calls down the wrath of its god upon you.
Something smites you!
* * * LOW HITPOINT WARNING * * *
The meliai hits you with a +0 war axe.
* * * LOW HITPOINT WARNING * * *
The meliai misses you.
You feel better. You block the meliai's attack.
The meliai stings you but does no damage.
The meliai hits you but does no damage.
The meliai stings you but does no damage.
As you read the scroll of teleportation, it crumbles to dust.
You feel strangely unstable.
The meliai invokes the aid of its god against you.
Something smites you!
You die...

#.# #.# .# #.# ♣. #.# ..
#.# .# #.# .# #.#####
##.## #.#...###...###..
### #...♣..@yy_.....♣
..# #.#...###...###..
#.. #.##### ##.## .. #.#
#.# # . #.# ##.## #.###
#.# #...# .##.... #.#
#.♣.# #....... #.# #...#
........
#.########.#############


You could see 2 meliai.

Vanquished Creatures
  2 two-headed ogres (D:9)
  Pikel (D:5)
  A hornet (D:7)
  A meliai (D:9)
  Prince Ribbit (D:7)
  A wraith (D:7)
  3 yaks (D:9)
  A wyvern (D:9)
  3 steam dragons
  Duvessa (D:4)
  2 orc warriors
  A black bear (D:5)
  2 sky beasts (D:6)
  A necrophage (D:5)
  2 ogres
  A phantom (D:6)
  A centaur (D:6)
  2 kobold brigands
  3 bullfrogs
  Blork the orc (D:5)
  A gnoll sergeant (D:7)
  A scorpion (D:4)
  A water moccasin zombie (D:5)
  Dowan (D:4)
  5 killer bees (D:9)
  12 wights (D:8)
  A howler monkey (D:6)
  6 crimson imps (D:9)
  3 centaur zombies
  A jelly (D:4)
  2 gnoll shamans
  A bullfrog skeleton (D:4)
  A centaur skeleton (D:6)
  8 orc priests
  Jessica (D:2)
  Ijyb (D:3)
  2 iguanas
  12 orc wizards
  A killer bee zombie (D:6)
  2 howler monkey zombies
  8 adders
  21 gnolls
  5 white imps
  2 worms
  22 orcs
  7 endoplasms
  2 giant cockroaches
  5 goblins
  3 hobgoblins
  4 jackals (D:4)
  14 kobolds
  6 quokkas
  5 ball pythons
  7 bats
  3 frilled lizards
  11 rats
219 creatures vanquished.

Vanquished Creatures (others)
  A kobold (D:7)
1 creature vanquished.

Grand Total: 220 creatures vanquished

Notes
Turn   | Place    | Note
-------+----------+-------------------------------------------
     0 | D:1      | Lekart the Draconian Air Elementalist began the quest for
                  | the Orb.
     0 | D:1      | Reached XP level 1. HP: 14/14 MP: 3/3
   270 | D:1      | Reached XP level 2. HP: 18/20 MP: 0/5
   334 | D:1      | Found Voaffit's Book Boutique.
   437 | D:1      | Learned a level 2 spell: Static Discharge
  1039 | D:2      | Noticed Jessica
  1044 | D:2      | Killed Jessica
  1045 | D:2      | Reached skill level 4 in Air Magic
  1045 | D:2      | Reached XP level 3. HP: 26/26 MP: 0/6
  1209 | D:2      | Found a faded altar of an unknown god.
  1232 | D:2      | Reached XP level 4. HP: 24/33 MP: 2/7
  2169 | D:2      | Found a runed translucent door.
  2170 | D:2      | Noticed Crazy Yiuf
  2197 | D:3      | Learned a level 3 spell: Ozocubu's Armour
  2222 | D:3      | Found Ruuf's Antique Weapon Shop.
  2228 | D:3      | Reached XP level 5. HP: 38/38 MP: 3/9
  2249 | D:3      | Reached skill level 1 in Ice Magic
  2673 | D:3      | Learned a level 4 spell: Airstrike
  2679 | D:3      | Found Koelo's Book Emporium.
  2836 | D:3      | Reached XP level 6. HP: 45/45 MP: 5/10
  2974 | D:3      | Found Ylikac's Distillery.
  2981 | D:3      | Bought a potion of heal wounds for 70 gold pieces
  2981 | D:3      | Bought a potion of degeneration for 14 gold pieces
  2981 | D:3      | Bought 2 potions of curing for 84 gold pieces
  3180 | D:3      | Noticed Ijyb
  3204 | D:3      | Killed Ijyb
  3596 | D:3      | Found Jauv's Assorted Antiques.
  3679 | D:3      | Reached skill level 5 in Air Magic
  3771 | D:3      | Found Puuqel's Antique Armour Shop.
  3921 | D:4      | Noticed Duvessa
  3922 | D:4      | Noticed Dowan
  3943 | D:4      | Killed Duvessa
  3953 | D:4      | Killed Dowan
  3954 | D:4      | Your scales start taking on a dull iron-grey colour.
  3954 | D:4      | Reduced skill Air Magic to level 4
  3954 | D:4      | Reached XP level 7. HP: 29/51 MP: 3/12
  5137 | D:5      | Entered Level 5 of the Dungeon
  5174 | D:5      | Reached skill level 1 in Fighting
  5174 | D:5      | Reached skill level 5 in Air Magic
  5330 | D:5      | Noticed Blork the orc
  5337 | D:5      | Killed Blork the orc
  5474 | D:5      | Gained mutation: You are resistant to electric shocks.
                  | (rElec) [potion of mutation]
  5474 | D:5      | Gained mutation: You expend magic power (3 MP) to
                  | strengthen your wands. [potion of mutation]
  5581 | D:5      | Reached XP level 8. HP: 54/59 MP: 5/14
  5742 | D:5      | Found Daococev's Specific Store.
  5744 | D:5      | Found Athekl Wifa's General Store.
  5911 | D:5      | Found Ories's General Store.
  6328 | D:5      | Lost mutation: You expend magic power (3 MP) to strengthen
                  | your wands. [potion of mutation]
  6328 | D:5      | Lost mutation: You are resistant to electric shocks.
                  | (rElec) [potion of mutation]
  6328 | D:5      | Gained mutation: You occasionally shout uncontrollably at
                  | your foes. [potion of mutation]
  6328 | D:5      | Gained mutation: You are resistant to electric shocks.
                  | (rElec) [potion of mutation]
  6329 | D:5      | Lost mutation: You occasionally shout uncontrollably at
                  | your foes. [potion of mutation]
  6329 | D:5      | Lost mutation: You are resistant to electric shocks.
                  | (rElec) [potion of mutation]
  6329 | D:5      | Gained mutation: Your large and strong wings let you fly.
                  | [potion of mutation]
  6398 | D:6      | Noticed Pikel
  6910 | D:6      | Reached skill level 1 in Evocations
  6988 | D:6      | Reached skill level 6 in Air Magic
  7153 | D:5      | Killed Pikel
  7154 | D:5      | Reached skill level 1 in Shields
  7154 | D:5      | Reached skill level 5 in Spellcasting
  7154 | D:5      | Reached XP level 9. HP: 51/64 MP: 0/16
  8121 | D:7      | Reached skill level 7 in Air Magic
  8493 | D:7      | Noticed Prince Ribbit
  8496 | D:7      | Killed Prince Ribbit
  8497 | D:7      | Reached skill level 1 in Staves
  8713 | D:7      | Found a staircase to the Ecumenical Temple.
  8742 | Temple   | Entered the Ecumenical Temple
  8792 | Temple   | Became a worshipper of Vehumet
 10512 | D:8      | Reached XP level 10. HP: 72/72 MP: 12/19
 11158 | D:8      | Noticed 1994's ghost (novice OgTm)
 11172 | D:8      | Noticed a two-headed ogre
 11269 | D:8      | Found a runed translucent gate.
 11269 | D:8      | Found a runed translucent gate.
 11269 | D:8      | Found a runed translucent gate.
 11730 | D:9      | Reached * piety under Vehumet
 11730 | D:9      | Offered knowledge of Foxfire by Vehumet.
 11731 | D:9      | Reached skill level 8 in Air Magic
 12083 | D:9      | Noticed a death yak
 12163 | D:9      | Lost mutation: Your large and strong wings let you fly.
                  | [potion of mutation]
 12163 | D:9      | Gained mutation: Your large and strong wings let you fly.
                  | [potion of mutation]
 12164 | D:9      | Lost mutation: Your large and strong wings let you fly.
                  | [potion of mutation]
 12164 | D:9      | Gained mutation: You have a pair of small antennae on your
                  | head. [potion of mutation]
 12348 | D:9      | Noticed a two-headed ogre
 12354 | D:9      | Killed a two-headed ogre
 12355 | D:9      | Reached skill level 5 in Conjurations
 12355 | D:9      | Reached skill level 5 in Evocations
 12492 | D:9      | Noticed a two-headed ogre
 12503 | D:9      | Killed a two-headed ogre
 12570 | D:9      | Offered knowledge of Poisonous Vapours by Vehumet.
 12578 | D:9      | Learned a level 2 spell: Poisonous Vapours
 12629 | D:9      | Reached ** piety under Vehumet
 12758 | D:9      | Noticed a death yak
 12771 | D:9      | Noticed a death yak
 12794 | D:9      | Found a white marble altar of Elyvilon.
 13035 | D:9      | Reached skill level 9 in Air Magic
 13037 | D:9      | Killed from afar by a meliai

Illustrated notes

Levels and vault maps discovered:
D:1:      saegor_arrival_simple_a, layout_loops_ring, serial_shops, shop
D:2:      layout_basic, chequers_ecumenical_altar_island,
          uniq_crazy_yiuf_cottage, uniq_jessica
D:3:      layout_basic, serial_shops, nicolae_shop_stone,
          nicolae_shop_statue_plus, nicolae_shop_window_shopping, shop_coins,
          nicolae_lakefront_shop, uniq_ijyb
D:4:      layout_loops_ring, chequers_arboretum, uniq_duvessa
D:5:      layout_basic, serial_shops, kennysheep_mini, nicolae_specific_store,
          uniq_blork_the_orc
D:6:      layout_rooms, minmay_holes, st_stairs_14, uniq_pikel
D:7:      layout_basic, minmay_temple_entry_tees, uniq_prince_ribbit1
D:8:      layout_basic, gammafunk_ghost_split
D:9:      layout_basic, elyvilon_altar_1, dpeg_lair_monsters, minmay_nine_imps
Temple:   nicolae_temple_the_god_donut

Skill      XL: |  1  2  3  4  5  6  7  8  9 10 |
---------------+-------------------------------+-----
Stealth        | 2 3 |  3.3
Air Magic      | 4 4 5 6 7 9 |  9.0
Dodging        | 2 3 4 |  4.0
Ice Magic      | 2 3 4 |  4.0
Spellcasting   | 3 4 5 6 7 |  7.0
Conjurations   | 2 3 4 5 |  5.2
Fighting       | 1 |  1.4
Evocations     | 2 4 5 |  5.7
Shields        | 1 2 |  2.6
Staves         | 1 2 |  2.1
Unarmed Combat | |  0.2

Action                   |  1- 3 |  4- 6 |  7- 9 | 10-12 || total
-------------------------+-------+-------+-------+-------++-------
Melee: Unarmed           |     9 |       |       |       ||     9
       Tailslap          |     1 |     5 |    10 |     2 ||    18
       Staff             |       |    26 |    81 |    37 ||   144
 Cast: Shock             |    49 |   122 |   259 |   118 ||   548
       Static Discharge  |       |     3 |       |       ||     3
       Airstrike         |       |       |    32 |    21 ||    53
       Ozocubu's Armour  |       |       |     2 |     1 ||     3
       Poisonous Vapours |       |       |       |     6 ||     6
Evoke: Wand              |       |       |    16 |    10 ||    26
  Use: Scroll            |       |     5 |     3 |     2 ||    10
       Potion            |       |     2 |     9 |     4 ||    15
Armor: Skin              |     3 |    23 |    78 |    53 ||   157
Dodge: Dodged            |     9 |    65 |   112 |    60 ||   246
Block: Buckler           |       |       |    93 |    75 ||   168
       Reflection        |       |       |     1 |     1 ||     2

Table legend: (Time is in decaauts)
 A = Elapsed time spent in this place.
 B = Non-inter-level travel time spent in this place.
 C = Inter-level travel time spent in this place.
 D = Time resting spent in this place.
 E = Time spent auto-exploring this place.
 F = Levels seen in this place.
 G = Mean time per level.
                   A        B        C        D        E       F      G
               +--------+--------+--------+--------+--------+-----+--------+
         Total |  13107 |  12787 |    320 |   2680 |   8111 |  10 | 1310.7 |
       Dungeon |  12414 |  12121 |    293 |   2680 |   7466 |   9 | 1379.3 |
        Temple |    692 |    665 |     27 |      0 |    645 |   1 |  692.0 |
               +--------+--------+--------+--------+--------+-----+--------+

Top non-repeatable levels by time:
     D:5: 1873 daAuts
     D:3: 1654 daAuts
     D:8: 1628 daAuts
     D:7: 1487 daAuts
     D:9: 1392 daAuts
     D:4: 1312 daAuts
     D:2: 1187 daAuts
     D:1: 1008 daAuts
     D:6: 870 daAuts
  Temple: 692 daAuts
